 Dungeon Crawl Stone Soup version 0.24.0-13-gcf9b319 (console) character file.

Game seed: 7261297202236354737, levelgen mode: deterministic

53 Femto the Magician (level 3, 26/26 HPs)
             Began as a Gnoll Wizard on Dec 30, 2019.
             Got out of the dungeon alive.
             The game lasted 00:12:27 (2584 turns).

Femto the Magician (Gnoll Wizard)                   Turns: 2584, Time: 00:12:28

Health: 26/26      AC:  3    Str:  9    XL:     3   Next: 87%
Magic:  11/11      EV: 14    Int: 21    God:
Gold:   86         SH:  0    Dex: 13    Spells: 5/16 levels left

rFire    . . .     SeeInvis .   a - +1 dagger (protect)
rCold    . . .     Gourm    .   (no shield)
rNeg     . . .     Faith    .   i - +0 robe
rPois    .         Spirit   .   b - +0 hat
rElec    .         Reflect  .   g - +0 cloak
rCorr    .         Harm     .   (no gloves)
MR       .....                  (no boots)
Stlth    +++.......             (no amulet)
HPRegen  0.08/turn              (no ring)
MPRegen  0.12/turn              (no ring)

@: no status effects
A: distributed training, fangs 1, strong nose
a: no special abilities


You escaped.
You were hungry.

You visited 1 branch of the dungeon, and saw 3 of its levels.

You collected 86 gold pieces.

Inventory:

Hand Weapons
 a - a +1 dagger of protection (weapon)
 e - a +0 spear
 m - a +0 club
 o - a +0 whip
 t - a +0 dagger
Missiles
 A - 34 stones (quivered)
 B - 19 sling bullets
 D - 4 javelins
 M - 34 arrows
 P - 14 poisoned darts
Armour
 b - a +0 hat (worn)
 g - a +0 cloak (worn)
 i - a +0 robe (worn)
 q - a +0 scale mail
 s - a +0 ring mail
Jewellery
 k - a cursed amulet of regeneration {unknown}
Scrolls
 c - a scroll of teleportation {unknown}
 f - 2 scrolls of amnesia {unknown}
 j - a scroll of random uselessness {unknown}
 l - a scroll of magic mapping {unknown}
 r - 2 scrolls of identify {unknown}
Potions
 h - a potion of heal wounds
 n - 2 potions of ambrosia {unknown}
 p - a potion of flight {unknown}
Comestibles
 d - 10 rations


   Skills:
 + Level 1.0 Fighting
 + Level 1.0 Short Blades
 + Level 1.0 Long Blades
 + Level 1.0 Axes
 + Level 1.0 Maces & Flails
 + Level 1.0 Polearms
 + Level 1.0 Staves
 + Level 1.0 Slings
 + Level 1.0 Bows
 + Level 1.0 Crossbows
 + Level 1.0 Throwing
 + Level 1.0 Armour
 + Level 4.6 Dodging
 + Level 4.2 Stealth
 + Level 1.0 Shields
 + Level 1.0 Unarmed Combat
 + Level 7.1 Spellcasting
 + Level 2.1 Conjurations
 + Level 0.7 Hexes
 + Level 0.7 Charms
 + Level 2.1 Summonings
 + Level 0.7 Necromancy
 + Level 2.1 Translocations
 + Level 0.7 Transmutations
 + Level 0.7 Fire Magic
 + Level 0.7 Ice Magic
 + Level 0.7 Air Magic
 + Level 0.7 Earth Magic
 + Level 0.7 Poison Magic
 + Level 1.0 Invocations
 + Level 1.0 Evocations


You had 5 spell levels left.
You knew the following spells:

 Your Spells              Type           Power        Failure   Level  Hunger
a - Magic Dart            Conj           ###.         3%          1    None
c - Conjure Flame         Conj/Fire      ##......     14%         3    None
n - Blink                 Tloc           N/A          5%          2    None
p - Mephitic Cloud        Conj/Pois/Air  ##......     16%         3    None
D - Call Imp              Summ           ###.....     5%          2    None

Your spell library contained the following spells:

 Spells                   Type           Power        Failure   Level  Hunger
 Slow                     Hex            ##......     10%         2    None


Dungeon Overview and Level Annotations

Branches:
Dungeon (3/15)

Altars:
Gozag
Okawaru
Qazlal

Annotations:
D:2 exclusions: adder and 2 jackals
D:3 exclusions: adder, door, 2 orcs, orc priest and 2 more exclusions, Sigmund


Innate Abilities, Weirdness & Mutations

Your experience applies equally to all skills.
You have very sharp teeth.
Your uncanny sense of smell can sniff out nearby items.


Message History

Unknown command.
Unknown command.
Unknown command.
Unknown command.
Unknown command.
Unknown command.
Unknown command.
Unknown command.
Unknown command.
Unknown command.
There is a stone staircase leading up here.
You climb upwards.
Level annotation: exclusions: adder and 2 jackals
There is a stone staircase leading down here.
There is a stone staircase leading up here.
You climb upwards.
There is a stone staircase leading down here.
There is a staircase leading out of the dungeon here.
Are you sure you want to leave the Dungeon?
This will make you lose the game!
You have escaped!

##.#########..##..##..#.# ###
#.........###.###..#.##.# ##..
#.........###.####......# #..#
#.........##....##...#### #.##
#.........##....##...# ###.##
#.......##.....##...## ###...##
#.......##♣....##.#.#####...#...
#.###.#.###..♣###...............
#.# #.#.#.##.##@#........###..##
#.# #...#.......#.....######.###
#.# ##..#.##.##.#.....###....###
#.# ##.###♣..###.....##..#####.
##.########♣...P##.....##.######.
.........##.....##...............
....>...#.............###.######.
........#.................# #...
.......................#######...


There were no monsters in sight!

Vanquished Creatures
  Jessica (D:3)
  A dart slug (D:1)
  4 goblins
  3 hobgoblins
  8 kobolds
  2 bats (D:1)
  A frilled lizard (D:3)
  7 rats
27 creatures vanquished.

Notes
Turn   | Place    | Note
-------+----------+-------------------------------------------
     0 | D:1      | Femto the Gnoll Wizard began the quest for the Orb.
     0 | D:1      | Reached XP level 1. HP: 13/13 MP: 8/8
   456 | D:1      | Reached XP level 2. HP: 19/19 MP: 7/10
  1281 | D:2      | Found an iron altar of Okawaru.
  1379 | D:2      | Learned a level 2 spell: Blink
  1382 | D:2      | Learned a level 2 spell: Call Imp
  1768 | D:3      | Found an opulent altar of Gozag.
  1919 | D:3      | Reached XP level 3. HP: 25/25 MP: 7/11
  2003 | D:3      | Noticed Jessica
  2008 | D:3      | Killed Jessica
  2008 | D:3      | Reached skill level 1 in Invocations
  2042 | D:3      | Learned a level 3 spell: Mephitic Cloud
  2046 | D:3      | Learned a level 3 spell: Conjure Flame
  2060 | D:3      | Found a stormy altar of Qazlal.
  2330 | D:3      | Noticed Sigmund
  2392 | D:3      | Reached skill level 1 in Fighting
  2392 | D:3      | Reached skill level 1 in Short Blades
  2392 | D:3      | Reached skill level 1 in Long Blades
  2392 | D:3      | Reached skill level 1 in Axes
  2392 | D:3      | Reached skill level 1 in Maces & Flails
  2392 | D:3      | Reached skill level 1 in Polearms
  2392 | D:3      | Reached skill level 1 in Staves
  2392 | D:3      | Reached skill level 1 in Slings
  2392 | D:3      | Reached skill level 1 in Bows
  2392 | D:3      | Reached skill level 1 in Crossbows
  2392 | D:3      | Reached skill level 1 in Throwing
  2392 | D:3      | Reached skill level 1 in Armour
  2392 | D:3      | Reached skill level 1 in Shields
  2392 | D:3      | Reached skill level 1 in Unarmed Combat
  2392 | D:3      | Reached skill level 1 in Evocations
  2584 | D:$      | Got out of the dungeon alive.

Levels and vault maps discovered:
D:1:      sevenhm_arrival_forest_fort_small_4, layout_rooms
D:2:      layout_basic, lemuel_doored_altar
D:3:      layout_basic, grunt_qazlal_sundering, lemuel_round_altar,
          uniq_sigmund, uniq_jessica

Skill      XL: |  1  2  3 |
---------------+----------+-----
Conjurations   | 2 |  2.1
Summonings     | 2 |  2.1
Translocations | 2 |  2.1
Invocations    | 1 |  1.0
Fighting       | 1 |  1.0
Short Blades   | 1 |  1.0
Long Blades    | 1 |  1.0
Axes           | 1 |  1.0
Maces & Flails | 1 |  1.0
Polearms       | 1 |  1.0
Staves         | 1 |  1.0
Slings         | 1 |  1.0
Bows           | 1 |  1.0
Crossbows      | 1 |  1.0
Throwing       | 1 |  1.0
Armour         | 1 |  1.0
Shields        | 1 |  1.0
Unarmed Combat | 1 |  1.0
Evocations     | 1 |  1.0
Dodging        | |  4.6
Stealth        | |  4.2
Spellcasting   | |  7.1
Hexes          | |  0.7
Charms         | |  0.7
Necromancy     | |  0.7
Transmutations | |  0.7
Fire Magic     | |  0.7
Ice Magic      | |  0.7
Air Magic      | |  0.7
Earth Magic    | |  0.7
Poison Magic   | |  0.7

Action                   || total
-------------------------++-------
Throw: Stone             ||     9
 Cast: Magic Dart        ||    52
  Use: Potion            ||     1
  Eat: Chunk             ||     4
Armor: Robe              ||     4
Dodge: Dodged            ||     5
